 Dungeon Crawl Stone Soup version 0.22-a0-480-g991dd4b (webtiles) character file.

13070 DrEnzyme the Fighter (level 12, -5/106 HPs)
             Began as a Ghoul Wanderer on June 15, 2018.
             Was a Believer of Okawaru.
             Killed by divine providence
             ... invoked by an orc priest
              (8 damage)
             ... on level 2 of the Orcish Mines.
             The game lasted 01:49:19 (18129 turns).

DrEnzyme the Fighter (Ghoul Wanderer)              Turns: 18129, Time: 01:49:21

Health: -5/106     AC: 10    Str: 16    XL:     12   Next: 2%
Magic:  15/15      EV: 15    Int: 11    God:    Okawaru [**....]
Gold:   730        SH:  3    Dex: 12    Spells: 7/16 levels left

rFire    . . .     SeeInvis +   a - +6 shortbow (chaos)
rCold    + . .     Gourm    .   (shield currently unavailable)
rNeg     + + +     Faith    .   O - +3 leather armour {MR+}
rPois    ∞         Spirit   .   (no helmet)
rElec    .         Reflect  +   v - +0 cloak
rCorr    .         Harm     .   J - +0 pair of gloves
MR       +....                  e - +0 pair of boots
Stlth    +.........             t - +3 amulet of reflection
HPRegen  0.00/turn              Q - +3 ring of intelligence
MPRegen  0.14/turn              h - ring of see invisible

@: about to teleport, rotting
A: rotting body, claws 1, carnivore, cold resistance 1, negative energy
resistance 3, inhibited regeneration, torment resistance, unbreathing
a: Heroism, Renounce Religion


You were on level 2 of the Orcish Mines.
You worshipped Okawaru.
Okawaru was pleased with you.
You were not hungry.

You visited 3 branches of the dungeon, and saw 15 of its levels.
You also visited: Bailey.

You collected 977 gold pieces.
You spent 247 gold pieces at shops.

Inventory:

Hand Weapons
 a - a +6 shortbow of chaos (weapon)
 b - a +0 hunting sling of freezing
 c - a +0 blowgun
Missiles
 g - 31 tomahawks of returning
 n - 67 sling bullets
 s - 3 curare-tipped needles
 G - 8 javelins
 H - 76 arrows (quivered)
 L - 3 throwing nets
 M - 19 poisoned needles
Armour
 e - a +0 pair of boots (worn)
 q - a +0 troll leather armour
 v - a +0 cloak (worn)
 J - a +0 pair of gloves (worn)
 O - a +3 leather armour of magic resistance (worn)
Jewellery
 h - a ring of see invisible (right hand)
 l - an uncursed ring of flight
 o - an uncursed ring of stealth
 t - a +3 amulet of reflection (around neck)
 w - an uncursed ring of protection from cold
 C - an uncursed ring of stealth
 Q - a +3 ring of intelligence (left hand)
 W - an uncursed ring of resist corrosion
Wands
 I - a wand of polymorph (10)
 T - a wand of paralysis (11)
 Y - a wand of flame (26)
Scrolls
 i - 2 scrolls of identify
 k - 9 scrolls of remove curse
 m - 2 scrolls of immolation
 u - 3 scrolls of amnesia
 y - 6 scrolls of enchant armour
 F - 2 scrolls of fog
Potions
 j - 4 potions of flight
 p - a potion of resistance {unknown}
 z - a potion of degeneration {unknown}
 A - 2 potions of brilliance
 B - a potion of cancellation
 S - a potion of haste {unknown}
 U - a potion of mutation {unknown}
Miscellaneous
 r - a phial of floods (inert)
Comestibles
 f - 33 rations
 x - 5 chunks of flesh


   Skills:
 - Level 9.7 Fighting
   Level 0.5 Short Blades
 - Level 3.5(4.7) Slings
 + Level 7.5 Bows
 - Level 4.9(5.4) Throwing
 - Level 5.4 Armour
 + Level 7.0 Dodging
   Level 1.7 Shields
 + Level 7.3 Unarmed Combat
 - Level 2.6 Spellcasting
 + Level 5.4 Evocations


You had 7 spell levels left.
You knew the following spells:

 Your Spells              Type           Power        Failure   Level  Hunger
a - Apportation           Tloc           #.....       32%         1    ##.....
b - Summon Small Mammal   Summ           #...         32%         1    ##.....
c - Corona                Hex            #......      32%         1    ##.....
d - Confusing Touch       Hex            #.....       32%         1    ##.....
e - Ensorcelled Hibernat  Hex/Ice        #.....       43%         2    ###....
f - Tukima's Dance        Hex            #.......     67%         3    ####...

Your spell library contained the following spells:

 Spells                   Type           Power        Failure   Level  Hunger
 Cause Fear               Hex            #.........   97%         4    #####..
 Confuse                  Hex            #.......     67%         3    ####...
 Animate Skeleton         Necr           N/A          32%         1    ##.....
 Spider Form              Tmut/Pois      #.........   67%         3    ####...
 Blade Hands              Tmut           #.........   100%        5    ######.
 Ice Form                 Ice/Tmut       #.......     97%         4    #####..
 Deflect Missiles         Chrm/Air       #.........   100%        6    #######
 Sticks to Snakes         Tmut           #.......     43%         2    ###....
 Silence                  Hex/Air        #.........   100%        5    ######.
 Beastly Appendage        Tmut           #.....       32%         1    ##.....
 Dazzling Spray           Conj/Hex       #.....       67%         3    ####...
 Discord                  Hex            #.........   100%        8    #######
 Yara's Violent Unravell  Hex/Tmut       #.........   100%        5    ######.


Dungeon Overview and Level Annotations

Branches:
Dungeon (12/15)            Temple (0/1) D:7            Lair (1/6) D:10
    Orc (2/2) D:9             Elf (0/3) Orc:2

Altars:
Ashenzari
Gozag
Okawaru
Sif Muna
Uskayaw
Vehumet
Beogh

Shops:
D:6 *   Orc:2 (

Annotations:
D:4 exclusion: downstairs
D:5 exclusion: downstairs
D:7 1 runed door, exclusion: door
D:9 exclusion: downstairs
D:10 BigBall's ghost, journeyman VSFi
D:12 Frances


Innate Abilities, Weirdness & Mutations

Your body is rotting away.
You thrive on raw meat.
You are immune to poison.
You have sharp fingernails.
You are carnivorous and can eat meat at any time.
Your flesh is cold resistant. (rC+)
You are immune to negative energy. (rN+++)
You do not regenerate when monsters are visible.
You are immune to unholy pain and torment.
You can survive without breathing.


Message History

The orc warrior misses you.
You hear a shout! x2
You feel better.
An orc priest comes into view. It is wielding a dagger.
The orc warrior hits you from afar with a glaive!!
* * * LOW HITPOINT WARNING * * *
The orc wizard gestures wildly while chanting.
The orc wizard blinks!
The orc sorcerer hits you with a dagger.
* * * LOW HITPOINT WARNING * * *
The orc warrior misses you.
Unknown command.
An orc warrior comes into view. It is wielding a mace.
The orc warrior shouts! x2; The orc shouts!
An orc priest comes into view. It is wielding a short sword.
The orc high priest mumbles some strange prayers to Beogh.
The orc warrior closely misses you.
The orc priest invokes the aid of Beogh against you.
Beogh smites you!
You die...

.o......o. #
.#####.......oo
...
...8.......o..o.
..#
................
...
........§.§.o.o.
o.
.....§o§oo.oooo.
...8.§ooo§oo.oo.


#oooooo...# #§oo@o.o.... #§§§#§§...#.o #.§.##§o...# #...# ...4.# #∩.# 8...8# ###
.....# ...... ... You could see an orc warlord, an orc knight, an orc high
priest, an orc sorcerer, a red devil, 8 orc warriors, 5 orc priests, 2 orc
wizards and 4 orcs.

Vanquished Creatures
  An ettin (Orc:1)
  2 two-headed ogres
  An ugly thing (D:10)
  Pikel (D:6)
  2 komodo dragons (Lair:1)
  A troll (Orc:2)
  2 hippogriffs (Lair:1)
  A shadow (D:10)
  7 yaks (D:9)
  A basilisk (Lair:1)
  A hungry ghost (D:10)
  A warg (D:9)
  3 water moccasins
  2 porcupines (Lair:1)
  3 black bears
  Duvessa (D:6)
  An ice beast (D:10)
  3 slaves
  16 orc warriors
  A sky beast (D:10)
  2 wolves (Lair:1)
  A necrophage (D:8)
  An eye of draining (D:11)
  9 ogres
  5 centaurs
  2 crocodiles (Lair:1)
  4 bullfrogs
  A wyvern skeleton (D:10)
  3 scorpions
  13 wights
  2 killer bees (D:7)
  A howler monkey (D:6)
  5 crimson imps
  6 hounds
  A quasit (D:6)
  2 jellies
  10 orc priests
  11 orc wizards
  3 bullfrog skeletons
  3 iguanas
  9 worker ants
  2 hound zombies
  A hound skeleton (D:4)
  8 gnolls
  A howler monkey skeleton (D:6)
  13 adders
  5 shadow imps
  2 oozes (D:1)
  An adder skeleton (D:6)
  An adder zombie (D:9)
  3 worms
  A dart slug (D:2)
  8 leopard geckos
  77 orcs
  5 giant cockroaches
  11 goblins
  14 hobgoblins
  14 jackals
  27 kobolds
  9 quokkas
  A ball python (D:2)
  7 bats
  6 frilled lizards
  A goblin zombie (D:4)
  A leopard gecko zombie (D:7)
  3 rats
  A rat zombie (D:4)
368 creatures vanquished.

Vanquished Creatures (collateral kills)
  An orc warrior (D:9)
  A big kobold (D:7)
  A killer bee (D:7)
  A crimson imp (D:7)
  3 orcs
  A kobold (D:7)
8 creatures vanquished.

Vanquished Creatures (others)
  A slave (D:6)
  A bullfrog (D:6)
  2 kobolds
  A fungus (Lair:1)
  3 plants
8 creatures vanquished.

Grand Total: 384 creatures vanquished

Notes
Turn   | Place    | Note
-------+----------+-------------------------------------------
     0 | D:1      | DrEnzyme the Ghoul Wanderer began the quest for the Orb.
     0 | D:1      | DrEnzyme set off with: a +2 shortbow, 20 arrows, a scroll of teleportation, a potion of curing, a +0 robe, a ration
     0 | D:1      | Reached XP level 1. HP: 19/19 MP: 3/3
   232 | D:1      | Reached XP level 2. HP: 25/25 MP: 4/4
   286 | D:1      | Found a shattered altar of Ashenzari.
   396 | D:1      | Reached skill level 1 in Dodging
   425 | D:1      | Reached XP level 3. HP: 32/32 MP: 6/6
  1201 | D:2      | Reached skill level 4 in Fighting
  1386 | D:2      | Reached XP level 4. HP: 34/40 MP: 7/7
  1423 | D:2      | Learned a level 1 spell: Apportation
  1684 | D:3      | Found a hide-covered altar of Uskayaw.
  2004 | D:3      | Learned a level 1 spell: Summon Small Mammal
  2131 | D:3      | Reached XP level 5. HP: 41/47 MP: 8/8
  2515 | D:3      | Found a deep blue altar of Sif Muna.
  3114 | D:3      | Reached skill level 5 in Fighting
  3114 | D:3      | Reached skill level 1 in Slings
  3503 | D:4      | Reached XP level 6. HP: 55/56 MP: 9/9
  3722 | D:5      | Entered Level 5 of the Dungeon
  4194 | D:5      | Reached XP level 7. HP: 42/62 MP: 10/10
  4659 | D:6      | Noticed Pikel
  4736 | D:6      | Found Wuj Ela's General Store.
  4759 | D:6      | Bought 17 arrows for 47 gold pieces
  4759 | D:6      | Bought a scroll of fear for 49 gold pieces
  4759 | D:6      | Bought a potion of curing for 42 gold pieces
  4799 | D:6      | Reached skill level 6 in Fighting
  4799 | D:6      | Reached skill level 1 in Evocations
  5160 | D:6      | Noticed Duvessa
  5326 | D:6      | Found an iron altar of Okawaru.
  5558 | D:6      | Reached XP level 8. HP: 59/69 MP: 11/11
  5797 | D:6      | Killed Pikel
  5797 | D:6      | Reached skill level 7 in Fighting
  5970 | D:6      | Killed Duvessa
  6389 | D:6      | Noticed Grinder
  6391 | D:6      | Paralysed by Grinder for 5 turns
  6400 | D:6      | Noticed Grinder
  6400 | D:6      | Grinder changed into Grinder the quasit
  6836 | D:6      | Bought 8 curare-tipped needles for 67 gold pieces
  6836 | D:6      | Bought 5 curare-tipped needles for 42 gold pieces
  6968 | D:6      | Reached XP level 9. HP: 79/79 MP: 12/12
  7157 | D:6      | Got an ancient dagger {freeze}
  7158 | D:6      | Identified the +4 dagger "Liklun" {freeze, rElec} (You took it off an orc wizard on level 6 of the Dungeon)
  7213 | D:6      | Killed Grinder the quasit
  7670 | D:6      | Learned a level 1 spell: Corona
  7672 | D:6      | Learned a level 1 spell: Confusing Touch
  7726 | D:7      | Found a staircase to the Ecumenical Temple.
  7811 | D:7      | Reached skill level 1 in Throwing
  8219 | D:7      | Reached skill level 1 in Unarmed Combat
  8422 | D:7      | Reached skill level 5 in Dodging
  8479 | D:7      | Found a runed door.
  9220 | D:8      | Found a roughly hewn altar of Beogh.
  9250 | D:8      | Reached skill level 8 in Fighting
 10084 | D:9      | Reached skill level 5 in Bows
 10489 | D:9      | Reached XP level 10. HP: 88/88 MP: 13/13
 10778 | D:9      | Found an opulent altar of Gozag.
 10778 | D:9      | Found a radiant altar of Vehumet.
 10781 | D:9      | Found a shattered altar of Ashenzari.
 11649 | D:9      | Got a crystal short sword {freeze}
 11664 | D:9      | Identified the +4 short sword of Pride {freeze, +Blink rF++ SInv} (You took it off an orc on level 9 of the Dungeon)
 11807 | D:9      | Found a staircase to the Orcish Mines.
 11826 | D:9      | HP: 2/90 [orc warrior/glaive (13)]
 12242 | D:10     | Entered Level 10 of the Dungeon
 12513 | D:9      | Reached skill level 9 in Fighting
 12814 | D:10     | Found a staircase to the Lair.
 12950 | D:10     | Noticed BigBall's ghost (journeyman VSFi)
 13562 | D:10     | Reached skill level 5 in Unarmed Combat
 13638 | D:10     | Noticed a white ugly thing
 13679 | D:10     | Noticed a two-headed ogre
 13698 | D:10     | Killed a two-headed ogre
 13698 | D:10     | Reached skill level 5 in Armour
 13698 | D:10     | Reached XP level 11. HP: 97/97 MP: 14/14
 14151 | D:11     | Found a flagged portal.
 14161 | Bailey   | Entered a bailey
 14437 | Bailey   | Found an iron altar of Okawaru.
 14692 | D:11     | Noticed a two-headed ogre
 14723 | D:11     | Killed a two-headed ogre
 15060 | D:6      | Became a worshipper of Warmaster Okawaru
 15437 | D:9      | Learned a level 2 spell: Ensorcelled Hibernation
 15441 | D:9      | Learned a level 3 spell: Tukima's Dance
 15446 | Orc:1    | Entered Level 1 of the Orcish Mines
 15759 | Lair:1   | Entered Level 1 of the Lair of Beasts
 15918 | Lair:1   | Noticed a four-headed hydra
 16672 | Lair:1   | Reached * piety under Okawaru
 16912 | D:10     | Killed a white ugly thing
 16936 | D:10     | Reached skill level 5 in Evocations
 17426 | D:12     | Noticed Frances
 17617 | Orc:1    | Noticed an ettin
 17627 | Orc:1    | Killed an ettin
 17627 | Orc:1    | Reached ** piety under Okawaru
 17767 | Orc:2    | Entered Level 2 of the Orcish Mines
 17980 | Orc:2    | Reached XP level 12. HP: 105/105 MP: 15/15
 18064 | Orc:2    | Found a staircase to the Elven Halls.
 18122 | Orc:1    | Noticed a stone giant
 18125 | Orc:2    | Found a roughly hewn altar of Beogh.
 18125 | Orc:2    | Found Ycush's Antique Weapon Shop.
 18125 | Orc:2    | Noticed an orc warlord
 18125 | Orc:2    | Noticed an orc high priest
 18128 | Orc:2    | HP: 3/106 [orc sorcerer/dagger (6)]
 18129 | Orc:2    | Killed from afar by an orc priest

Vault maps used:
D:1:      lightli_arrival_maybe_door_vault, evilmike_ruin_ashenzari
D:2:      first_ration
D:3:      lemuel_round_altar, led_sif_pool
D:4:      enter_ossuary_4
D:6:      corexii_shantytown, lemuel_doored_altar, serial_shops,
          nicolae_shop_statue_plus, uniq_duvessa, uniq_grinder, uniq_pikel
D:7:      minmay_temple_entry_grid, uniq_crazy_yiuf_cottage
D:8:      special_room
D:9:      nicolae_overflow_hidden_temple, david_orc_1_choice, grunt_ogre_cave
D:10:     lair_entry_dummy, lightli_fourway_metalbox
D:11:     enter_bailey_2
D:12:     serial_shops, nicolae_shop_statue_plus, kennysheep_mini, shop,
          kennysheep_little_box, nicolae_shop_stone,
          nicolae_trove_entry_columns, uniq_frances
Lair:1:   minivault_11, beast_lair_carwin_2
Orc:2:    grunt_orc_cross, enter_volcano_3
Bailey:   bailey_axe_3, bailey

Skill      XL: |  1  2  3  4  5  6  7  8  9 10 11 12 |
---------------+-------------------------------------+-----
Dodging        | 1 2 4 5 6 7 |  7.0
Fighting       | 4 5 6 7 8 9 |  9.7
Bows           | 2 3 4 5 6 7 |  7.5
Slings         | 1 2 3 |  3.5
Armour         | 2 5 |  5.4
Evocations     | 2 3 5 |  5.4
Throwing       | 2 4 |  4.9
Unarmed Combat | 3 5 7 |  7.3
Short Blades   | |  0.5
Shields        | |  1.7
Spellcasting   | |  2.6

Action                   |  1- 3 |  4- 6 |  7- 9 | 10-12 || total
-------------------------+-------+-------+-------+-------++-------
Melee: Unarmed           |       |       |    14 |   278 ||   292
       Punch             |       |       |       |     7 ||     7
 Fire: Shortbow          |   117 |   200 |   370 |   504 ||  1191
       Hunting sling     |       |    98 |   147 |    11 ||   256
       Blowgun           |       |       |    78 |    53 ||   131
Throw: Tomahawk          |       |    13 |    18 |     5 ||    36
       Javelin           |       |       |     4 |     3 ||     7
       Throwing net      |       |       |     2 |       ||     2
 Cast: Confusing Touch   |       |       |     5 |    44 ||    49
       Summon Small Mamm |       |       |     1 |     1 ||     2
Evoke: Wand              |       |       |    20 |     6 ||    26
       Phial of floods   |       |       |       |     1 ||     1
  Use: Scroll            |     2 |    11 |     7 |    14 ||    34
       Potion            |       |     3 |     6 |     8 ||    17
 Stab: Confused          |       |       |       |    18 ||    18
  Eat: Chunk             |     1 |     8 |    46 |    63 ||   118
       Ration            |       |     1 |     1 |     1 ||     3
Armor: Robe              |     2 |       |       |       ||     2
       Ring mail         |     5 |    75 |    65 |       ||   145
       Leather armour    |       |       |    45 |   120 ||   165
Dodge: Dodged            |    21 |   105 |   227 |   318 ||   671
Block: Other             |       |    21 |    51 |    57 ||   129
       Reflection        |       |     1 |     3 |     6 ||    10

Table legend:
 A = Spawn XP
 B = Non-spawn XP
 C = Spawn XP percentage of total XP
 D = Spawn monster count
 E = Non-spawn monster count
 F = Spawn count percentage of total count
 G = Total turns spent on level
                    A         B        C        D         E        F      G
               +---------+---------+-------+---------+---------+-------+---------
         Total |       0 |   18672 |   0.0 |       0 |     374 |   0.0 | 18129
               +---------+---------+-------+---------+---------+-------+---------
           D:1 |       0 |      44 |   0.0 |       0 |      20 |   0.0 |   773
           D:2 |       0 |      71 |   0.0 |       0 |      29 |   0.0 |  1083
           D:3 |       0 |     121 |   0.0 |       0 |      20 |   0.0 |   944
           D:4 |       0 |     157 |   0.0 |       0 |      21 |   0.0 |   972
           D:5 |       0 |     386 |   0.0 |       0 |      17 |   0.0 |  1748
           D:6 |       0 |    1823 |   0.0 |       0 |      49 |   0.0 |  2442
           D:7 |       0 |     801 |   0.0 |       0 |      27 |   0.0 |   952
           D:8 |       0 |    1229 |   0.0 |       0 |      37 |   0.0 |  1394
           D:9 |       0 |    3577 |   0.0 |       0 |      47 |   0.0 |  3389
          D:10 |       0 |    3208 |   0.0 |       0 |      26 |   0.0 |  1885
          D:11 |       0 |    1678 |   0.0 |       0 |      21 |   0.0 |   732
          D:12 |       0 |     251 |   0.0 |       0 |       8 |   0.0 |   132
        Lair:1 |       0 |    2522 |   0.0 |       0 |      14 |   0.0 |   774
         Orc:1 |       0 |    1499 |   0.0 |       0 |       7 |   0.0 |   339
         Orc:2 |       0 |     885 |   0.0 |       0 |      15 |   0.0 |   204
        Bailey |       0 |     420 |   0.0 |       0 |      16 |   0.0 |   366
               +---------+---------+-------+---------+---------+-------+---------
